 Dungeon Crawl Stone Soup version 0.21-a0-286-g6fcecc0 (webtiles) character file.

38650 alfasonni the Bludgeoner (level 13, -1/119 HPs)
             Began as a Minotaur Berserker on Sept 27, 2017.
             Was a High Priest of Trog.
             Slain by a crocodile (2 damage)
             ... on level 6 of the Lair of Beasts.
             The game lasted 00:47:47 (15963 turns).

alfasonni the Bludgeoner (Minotaur Berserker)      Turns: 15963, Time: 00:47:48

Health: -1/119     AC: 15    Str: 30 (32) XL:     13   Next: 65%
Magic:  3/3        EV: 18    Int:  3 (4)  God:    Trog [*****.]
Gold:   811        SH:  0    Dex: 15 (16) Spells: 12/12 levels left

rFire    + . .     SeeInvis .   u - +6 dire flail (antimagic)
rCold    + . .     Gourm    .   (shield currently unavailable)
rNeg     . . .     Faith    .   S - +1 scale mail of Wonder {Dex+6} (curse)
rPois    +         Spirit   .   (helmet restricted)
rElec    +         Reflect  .   (no cloak)
rCorr    +         Harm     .   F - +0 pair of gloves
MR       +....                  (no boots)
Stlth    ..........             B - amulet of magic regeneration
HPRegen  1.09/turn              g - +3 ring of protection
MPRegen  0.33/turn              A - ring of protection from magic

@: mighty, resistant, mesmerised, hasted, invisible, slow
A: retaliatory headbutt, horns 2, low mp 1, regeneration 2, electricity
resistance
a: Berserk, Trog's Hand, Brothers in Arms, Burn Spellbooks, Renounce Religion


You were on level 6 of the Lair of Beasts.
You worshipped Trog.
Trog was extremely pleased with you.
You were full.

You visited 2 branches of the dungeon, and saw 16 of its levels.

You collected 1161 gold pieces.
You spent 350 gold pieces at shops.

Inventory:

Hand Weapons
 u - a +6 antimagic dire flail (weapon)
 y - the +7 falchion "Lour" {freeze, rElec rPois rN++ Dex-5, unknown}
   (You found it on level 6 of the Lair of Beasts)

   It has been specially enchanted to freeze those struck by it, causing extra
   injury to most foes and up to half again as much damage against particularly
   susceptible opponents.
   It can also slow down cold-blooded creatures.
   It affects your dexterity (-5).
   It insulates you from electricity.
   It protects you from poison.
   It greatly protects you from negative energy.
Armour
 F - a +0 pair of gloves (worn)
 I - the +0 cloak "Jaleinku" {rN+ Regen+ Str-5 Dex+4}
   (You found it on level 1 of the Lair of Beasts)

   It affects your strength (-5).
   It affects your dexterity (+4).
   It protects you from negative energy.
   It increases your rate of regeneration.
 S - the cursed +1 scale mail of Wonder (worn) {Dex+6}
   (You found it on level 5 of the Lair of Beasts)

   It affects your dexterity (+6).
   It has a curse placed upon it.
Jewellery
 a - an uncursed ring of resist corrosion
 g - a +3 ring of protection (left hand)
 A - a ring of protection from magic (right hand)
 B - an amulet of magic regeneration (around neck)
 M - an uncursed ring of see invisible
 O - an uncursed amulet of the gourmand {unknown}
 Q - an uncursed amulet of faith
Wands
 e - a wand of confusion (13/48)
 l - a wand of digging (22/24)
 n - a wand of disintegration (11/24)
 s - a wand of clouds (4/9)
 t - a wand of confusion (27/48)
 w - a wand of lightning (4/15)
 x - a wand of iceblast (11/15)
 D - a wand of flame (21/48)
 H - a wand of random effects (26/48)
 N - a wand of confusion (27/48)
 P - a wand of lightning (5/15)
 U - a wand of random effects (18/48)
Scrolls
 f - 11 scrolls of remove curse {@r2}
 k - 4 scrolls of teleportation
 o - 4 scrolls of enchant armour
 q - a scroll of magic mapping
 r - 2 scrolls of enchant weapon
 z - 3 scrolls of recharging
 G - a scroll of fog
Potions
 c - a potion of degeneration
 m - 3 potions of brilliance
 p - 3 potions of flight
 v - a potion of might
 R - a potion of magic
Comestibles
 h - 3 royal jellies
 i - 6 meat rations
 L - a fruit
 T - a bread ration


   Skills:
 - Level 12.7 Fighting
 - Level 16.8 Maces & Flails
 - Level 13.4 Armour
 * Level 11.9 Dodging


You had 12 spell levels left.
You didn't know any spells.

Dungeon Overview and Level Annotations

Branches:
Dungeon (10/15)            Temple (0/1) D:6            Lair (6/6) D:10
  Swamp (0/4) Lair:2        Snake (0/4) Lair:4        Slime (0/5) Lair:5
    Orc (0/2) D:10

Altars:
Dithmenos
Qazlal
Wu Jian
Yredelemnul
Zin
The Shining One

Shops:
D:10 !

Annotations:
Lair:5 exclusion: 3 oklob plants


Innate Abilities, Weirdness & Mutations

You reflexively headbutt those who attack you in melee.
You have a pair of horns on your head.
Your magical capacity is low. (-10% MP)
You heal very quickly.
You are resistant to electric shocks. (rElec)


Message History

You feel less invigorated.
You feel less confused.
The rime drake bites you but does no damage.
The merfolk avatar chants its luring song.
The spiny frog closely misses you. You furiously retaliate!
You headbutt the spiny frog!
You kill the spiny frog!
Trog accepts your kill. The rime drake misses you.
You see here a gnarled runed staff.
It was a potion of invisibility.
You fade into invisibility!
The merfolk avatar chants its luring song.
The wind drake flaps its wings at you. The air twists around and strikes you!
* * * LOW HITPOINT WARNING * * *
The komodo dragon bites you!
* * * LOW HITPOINT WARNING * * *
The crocodile bites you.
You die...

≈≈..≈≈..≈.# ≈≈≈≈≈≈≈..#
≈≈≈≈≈≈...
###############.≈##...
#.≈≈≈≈≈≈≈≈8#8≈≈.≈#.≈.. ≈≈
#≈≈≈≈≈≈≈≈≈≈#≈≈≈≈≈≈††..
≈P≈≈#≈≈≈≈≈≈≈≈≈≈#≈≈≈#≈≈≈≈..
≈≈P≈#≈≈≈≈≈≈≈≈≈≈#≈≈ #≈.#...
.P≈≈.≈#≈t@!$≈≈≈≈≈≈≈#†..≈..
≈≈#≈.≈≈≈lk≈%≈≈≈≈≈8≈≈≈P≈...
≈≈≈#.≈≈≈[m≈)≈≈P≈≈.≈≈≈≈≈...
≈≈≈÷≈#†!kk?≈≈≈≈≈≈≈#≈#....
≈≈≈#≈≈≈≈≈≈≈≈≈≈#≈≈≈#≈##P..
≈≈ #≈≈≈##≈#≈≈≈#≈≈≈#≈≈≈≈..
≈ #≈≈≈≈†≈≈≈≈≈#≈P≈≈≈≈P≈..
#.≈≈≈≈≈≈≈≈≈# ≈≈#≈#....
#######.†.†########≈##≈..


You could see a merfolk avatar, 2 wind drakes, a komodo dragon, a rime drake and
a crocodile.

Vanquished Creatures
  Kirke (Lair:6)
  The ghost of soonmide the Whirler, a journeyman HaHu of Okawaru (Lair:3)
  4 hydras
  2 two-headed ogres
  Pikel (D:6)
  A deep elf mage (D:10)
  15 elephants
  Maurice (D:8)
  5 black mambas
  The ghost of kohrah the Shield-Bearer, a novice FoFi (D:4)
  9 spiny frogs
  15 komodo dragons
  4 rime drakes
  A troll (D:10)
  Grinder (D:4)
  2 hornets (Lair:6)
  5 polar bears
  15 blink frogs
  5 hippogriffs
  16 yaks
  3 basilisks
  4 wyverns
  A human (D:8)
  7 hogs
  Menkaure (D:7)
  A naga (Lair:4)
  4 porcupines
  10 water moccasins
  An ice beast (D:8)
  6 orc warriors (D:10)
  A black bear (Lair:3)
  A slave (D:6)
  7 ogres
  2 phantoms
  2 necrophages (D:10)
  5 wolves
  13 crocodiles
  2 centaurs
  2 big kobolds (D:10)
  2 gnoll sergeants
  5 bullfrogs
  3 scorpions
  7 howler monkeys
  4 electric eels
  A crimson imp (D:8)
  A centaur zombie (D:10)
  A bullfrog zombie (D:10)
  3 hounds
  3 orc wizards
  2 orc priests
  A bullfrog skeleton (D:6)
  Crazy Yiuf (D:4)
  Jessica (D:2)
  7 worker ants
  3 iguanas
  A hound zombie (D:7)
  A hound skeleton (D:8)
  A howler monkey zombie (D:9)
  10 gnolls
  3 howler monkey skeletons
  5 adders
  2 shadow imps (D:6)
  An adder skeleton (D:7)
  2 worms (D:2)
  4 leopard geckos
  25 orcs
  6 giant cockroaches
  6 goblins
  4 hobgoblins
  4 jackals (D:4)
  7 quokkas
  A ball python (D:3)
  5 bats
  13 frilled lizards (D:2)
  7 kobolds
  2 leopard gecko skeletons
  4 rats
  A bush (Lair:4)
  4 plants
342 creatures vanquished.

Vanquished Creatures (collateral kills)
  A komodo dragon (Lair:6)
1 creature vanquished.

Vanquished Creatures (others)
  A human (Lair:6)
  7 fungi
  17 plants
25 creatures vanquished.

Grand Total: 368 creatures vanquished

Notes
Turn   | Place    | Note
-------+----------+-------------------------------------------
     0 | D:1      | alfasonni the Minotaur Berserker began the quest for the Orb.
     0 | D:1      | Reached XP level 1. HP: 19/19 MP: 0/0
   407 | D:1      | Reached skill level 4 in Maces & Flails
   455 | D:1      | Reached XP level 2. HP: 22/27 MP: 1/1
  1050 | D:2      | Reached ** piety under Trog
  1443 | D:2      | Noticed Jessica
  1452 | D:2      | Killed Jessica
  1452 | D:2      | Reached skill level 5 in Maces & Flails
  1452 | D:2      | Reached XP level 3. HP: 21/34 MP: 2/2
  1609 | D:2      | You fall through a shaft for 2 floors!
  1609 | D:4      | Noticed kohrah's ghost (novice FoFi)
  1617 | D:4      | Killed kohrah's ghost
  1617 | D:4      | Reached skill level 5 in Fighting
  1617 | D:4      | Reached skill level 7 in Maces & Flails
  1617 | D:4      | Reached XP level 4. HP: 8/44 MP: 3/3
  1617 | D:4      | Reached XP level 5. HP: 9/50 MP: 4/4
  1617 | D:4      | Reached XP level 6. HP: 11/57 MP: 5/5
  1896 | D:4      | Noticed Grinder
  1903 | D:4      | Killed Grinder
  1903 | D:4      | Reached skill level 8 in Maces & Flails
  1903 | D:4      | Reached XP level 7. HP: 64/64 MP: 6/6
  2175 | D:4      | Found a glowing silver altar of Zin.
  2425 | D:4      | Found a runed door.
  2843 | D:4      | Noticed Crazy Yiuf
  2846 | D:4      | Killed Crazy Yiuf
  2912 | D:3      | Reached skill level 9 in Maces & Flails
  3529 | D:3      | Found a stormy altar of Qazlal.
  3663 | D:5      | Entered Level 5 of the Dungeon
  4167 | D:5      | Found a shadowy altar of Dithmenos.
  4240 | D:5      | Reached XP level 8. HP: 69/73 MP: 7/7
  4315 | D:5      | Found a basalt altar of Yredelemnul.
  4890 | D:6      | Reached skill level 10 in Maces & Flails
  5001 | D:6      | Noticed Pikel
  5024 | D:6      | Killed Pikel
  5024 | D:6      | Reached skill level 11 in Maces & Flails
  5767 | D:6      | Reached *** piety under Trog
  5767 | D:6      | Reached XP level 9. HP: 83/83 MP: 8/8
  6014 | D:6      | Reached skill level 12 in Maces & Flails
  6159 | D:6      | Found a staircase to the Ecumenical Temple.
  6524 | D:7      | Got a bloodstained quarterstaff
  6525 | D:7      | Identified the +9 quarterstaff of Circularity {crush, *Contam rF- Int+7 SInv} (You found it on level 7 of the Dungeon)
  6661 | D:7      | Noticed Menkaure
  6667 | D:7      | Killed Menkaure
  7089 | D:8      | Noticed Maurice
  7239 | D:8      | Noticed a two-headed ogre
  7251 | D:8      | Killed a two-headed ogre
  7251 | D:8      | Reached skill level 10 in Fighting
  7251 | D:8      | Reached skill level 13 in Maces & Flails
  7754 | D:8      | Reached XP level 10. HP: 63/94 MP: 9/9
  7757 | D:8      | Reached skill level 14 in Maces & Flails
  8026 | D:8      | Killed Maurice
  8660 | D:8      | Identified the Handbook of Enhancements and Fire
  9012 | D:9      | Found an ornate altar of the Wu Jian Council.
  9039 | D:9      | Noticed a two-headed ogre
  9045 | D:9      | Killed a two-headed ogre
  9045 | D:9      | Reached **** piety under Trog
  9529 | D:9      | Reached skill level 15 in Maces & Flails
  9532 | D:9      | Found a glowing golden altar of the Shining One.
 10090 | D:9      | Gained mutation: You possess an exceptional clarity of mind. [potion of mutation]
 10090 | D:9      | Gained mutation: Your spells are a little harder to cast, but a little more powerful. [potion of mutation]
 10090 | D:9      | Gained mutation: You are resistant to electric shocks. (rElec) [potion of mutation]
 10091 | D:9      | Lost mutation: Your spells are a little harder to cast, but a little more powerful. [potion of mutation]
 10091 | D:9      | Lost mutation: You possess an exceptional clarity of mind. [potion of mutation]
 10091 | D:9      | Gained mutation: Your natural rate of healing is unusually fast. [potion of mutation]
 10091 | D:9      | Gained mutation: Your magical capacity is low. (-10% MP) [potion of mutation]
 10091 | D:9      | Gained mutation: You heal very quickly. [potion of mutation]
 10202 | D:10     | Entered Level 10 of the Dungeon
 10274 | D:10     | Found Tauq's Distillery.
 10309 | D:10     | Bought a potion of curing for 30 gold pieces
 10309 | D:10     | Bought a potion of flight for 30 gold pieces
 10309 | D:10     | Bought a potion of haste for 100 gold pieces
 10309 | D:10     | Bought a potion of resistance for 100 gold pieces
 10309 | D:10     | Bought a potion of heal wounds for 50 gold pieces
 10309 | D:10     | Bought a potion of might for 40 gold pieces
 10583 | D:10     | Noticed a deep elf mage
 10589 | D:10     | Killed a deep elf mage
 10774 | D:10     | Found a staircase to the Orcish Mines.
 10846 | D:10     | Reached XP level 11. HP: 56/104 MP: 8/8
 10888 | D:10     | Reached skill level 16 in Maces & Flails
 11026 | D:10     | Found a staircase to the Lair.
 11032 | Lair:1   | Entered Level 1 of the Lair of Beasts
 11100 | Lair:1   | Noticed a four-headed hydra
 11102 | Lair:1   | Noticed a seven-headed hydra
 11117 | Lair:1   | Killed a four-headed hydra
 11126 | Lair:1   | Killed a seven-headed hydra
 11216 | Lair:1   | Got a fine cloak
 11222 | Lair:1   | Identified the cursed +0 cloak "Jaleinku" {rN+ Regen+ Str-5 Dex+4} (You found it on level 1 of the Lair of Beasts)
 11285 | Lair:1   | Reached ***** piety under Trog
 11583 | Lair:1   | Reached skill level 5 in Armour
 12149 | Lair:2   | Found a staircase to the Swamp.
 12319 | Lair:2   | Received a gift from Trog
 12442 | Lair:2   | Reached XP level 12. HP: 98/113 MP: 3/9
 12856 | Lair:3   | Noticed soonmide's ghost (journeyman HaHu)
 12871 | Lair:3   | Reached skill level 10 in Armour
 12898 | Lair:3   | Killed soonmide's ghost
 14154 | Lair:4   | Reached skill level 5 in Dodging
 14192 | Lair:4   | Found a staircase to the Snake Pit.
 14193 | Lair:4   | Noticed a six-headed hydra
 14206 | Lair:4   | Killed a six-headed hydra
 14810 | Lair:5   | Reached XP level 13. HP: 118/119 MP: 3/10
 14890 | Lair:5   | Got a crude scale mail
 14907 | Lair:5   | Identified the cursed +1 scale mail of Wonder {Dex+6} (You found it on level 5 of the Lair of Beasts)
 15002 | Lair:5   | Found a staircase to the Slime Pits.
 15089 | Lair:5   | Received a gift from Trog
 15574 | Lair:6   | Entered Level 6 of the Lair of Beasts
 15576 | Lair:6   | Noticed Kirke
 15593 | Lair:6   | Killed Kirke
 15636 | Lair:6   | Got a jewelled falchion
 15670 | Lair:6   | Reached skill level 10 in Dodging
 15963 | Lair:6   | HP: 1/119 [komodo dragon (15)]
 15963 | Lair:6   | Slain by a crocodile

Vault maps used:
D:1:      eino_arrival_cavern_c
D:2:      kb_forest_paths, minitemple, first_bread, minmay_misc_feat_hallway,
          minmay_lizard_pond, uniq_sigmund, uniq_jessica
D:3:      lemuel_round_altar
D:4:      lemuel_round_altar, grunt_decor_clamped, minivault_23,
          supply_closet_lemuel, hangedman_abyss_or_decor_slice, uniq_grinder,
          uniq_crazy_yiuf_cottage
D:5:      lemuel_doored_altar, grunt_dithmenos_smoke_and_mirrors
D:6:      minmay_temple_entry_purple_smoke, patterned_corridor, uniq_pikel
D:7:      uniq_menkaure
D:8:      grunt_livestock, basic_loot_grate_trap, uniq_maurice
D:9:      kennysheep_mini_moat, serial_glass, glass_columns_a, glass_columns_a,
          glass_columns_a, glass_columns_a, glass_columns_a, glass_columns_c,
          minmay_strange_pillars, minmay_strange_pillars,
          minmay_strange_pillars, feat_on_display, basic_altar,
          serial_bayou_lake_a
D:10:     lair_entry_dummy, kennysheep_orc_monster_closet_entryway,
          serial_shops, shop_coins, minmay_librarian
Lair:2:   swamp_mist, serial_bayou_shore_a
Lair:4:   guppyfry_snake_entry_island, minmay_hedge_maze, minivault_11,
          beast_lair_carwin_10
Lair:5:   minmay_slime_entry_oklob_enclosed
Lair:6:   gammafunk_lair_ancient_temple, uniq_kirke

Skill      XL: |  1  2  3  4  5  6  7  8  9 10 11 12 13 |
---------------+----------------------------------------+-----
Maces & Flails | 4 5 7 8 9 11 13 15 16 | 16.8
Fighting       | 4 5 6 7 9 10 12 | 12.7
Armour         | 9 13 | 13.4
Dodging        | 7 11 | 11.9

Action                   |  1- 3 |  4- 6 |  7- 9 | 10-12 | 13-15 || total
-------------------------+-------+-------+-------+-------+-------++-------
Melee: Mace              |    65 |    13 |    43 |       |       ||   121
       Headbutt          |     7 |     2 |    58 |   184 |    46 ||   297
       Flail             |       |       |   223 |       |       ||   223
       Dire flail        |       |       |    45 |   709 |   194 ||   948
Invok: Berserk           |     3 |       |     2 |     7 |     2 ||    14
       Trog's Hand       |     1 |       |     2 |     1 |     1 ||     5
       Burn Spellbooks   |       |       |       |     4 |       ||     4
       Brothers in Arms  |       |       |       |       |     1 ||     1
Evoke: Wand              |       |       |       |     1 |       ||     1
       Sack of spiders   |       |       |       |       |     1 ||     1
  Use: Scroll            |     4 |     2 |     4 |    12 |     3 ||    25
       Potion            |     1 |     2 |     2 |    11 |    13 ||    29
 Stab: Distracted        |       |       |     1 |       |       ||     1
  Eat: Bread ration      |     1 |     1 |     4 |     4 |       ||    10
       Chunk             |       |       |     2 |     2 |       ||     4
       Fruit             |       |       |       |     4 |       ||     4
       Royal jelly       |       |       |       |     3 |       ||     3
       Meat ration       |       |       |       |       |     2 ||     2
Armor: Animal skin       |    13 |       |    15 |       |       ||    28
       Skin              |       |    12 |       |       |       ||    12
       Chain mail        |       |       |    10 |       |       ||    10
       Plate armour      |       |       |    37 |       |       ||    37
       Crystal plate arm |       |       |    97 |   423 |    32 ||   552
       Scale mail        |       |       |       |       |    65 ||    65
Dodge: Dodged            |    43 |     5 |    96 |   151 |   142 ||   437

Table legend:
 A = Spawn XP
 B = Non-spawn XP
 C = Spawn XP percentage of total XP
 D = Spawn monster count
 E = Non-spawn monster count
 F = Spawn count percentage of total count
 G = Total turns spent on level
                    A         B        C        D         E        F      G
               +---------+---------+-------+---------+---------+-------+---------
         Total |       0 |   55215 |   0.0 |       0 |     336 |   0.0 | 15963
               +---------+---------+-------+---------+---------+-------+---------
           D:1 |       0 |      14 |   0.0 |       0 |       9 |   0.0 |  1017
           D:2 |       0 |      73 |   0.0 |       0 |      23 |   0.0 |   592
           D:3 |       0 |     129 |   0.0 |       0 |      18 |   0.0 |   727
           D:4 |       0 |     977 |   0.0 |       0 |      17 |   0.0 |  1327
           D:5 |       0 |     343 |   0.0 |       0 |      16 |   0.0 |  1221
           D:6 |       0 |    1553 |   0.0 |       0 |      22 |   0.0 |  1449
           D:7 |       0 |     509 |   0.0 |       0 |      15 |   0.0 |   740
           D:8 |       0 |    2997 |   0.0 |       0 |      18 |   0.0 |  1682
           D:9 |       0 |    1983 |   0.0 |       0 |      24 |   0.0 |  1447
          D:10 |       0 |    2945 |   0.0 |       0 |      31 |   0.0 |   991
        Lair:1 |       0 |    6357 |   0.0 |       0 |      20 |   0.0 |   731
        Lair:2 |       0 |    5261 |   0.0 |       0 |      24 |   0.0 |   931
        Lair:3 |       0 |    9205 |   0.0 |       0 |      30 |   0.0 |  1016
        Lair:4 |       0 |    4962 |   0.0 |       0 |      14 |   0.0 |   917
        Lair:5 |       0 |    5701 |   0.0 |       0 |      19 |   0.0 |   786
        Lair:6 |       0 |   12206 |   0.0 |       0 |      36 |   0.0 |   389
               +---------+---------+-------+---------+---------+-------+---------
